 Dungeon Crawl Stone Soup version 0.32-a0-933-ga8fa3634e4 (webtiles) character file.

Game seed: 15847736846317897697

109 jasper the Chopper (level 4, 0/38 HPs)
             Began as a Mountain Dwarf Fighter on Apr 14, 2024.
             Slain by a hobgoblin (4 damage)
             ... on level 2 of the Dungeon.
             The game lasted 00:02:05 (1374 turns).

jasper the Chopper (Mountain Dwarf Fighter)         Turns: 1374, Time: 00:02:06

Health: 0/38       AC:  6    Str: 26    XL:     4   Next: 60%
Magic:  4/4        EV:  8    Int:  9    God:
Gold:   14         SH:  4    Dex:  9    Spells: 3/3 levels left

rFire   . . .        a - +0 war axe
rCold   + . .        c - +0 buckler
rNeg    . . .        b - +0 scale mail
rPois   .            (no helmet)
rElec   .            (no cloak)
rCorr   .            (no gloves)
SInv    .            (no boots)
Will    .....        (no amulet) Stlth
                     j - +6 ring of strength
HPRegen 0.26/turn    h - ring of protection from cold
MPRegen 0.09/turn

%: no passive effects
@: mighty, brilliant
A: runic magic, artefact enchanting
a: no special abilities


You were on level 2 of the Dungeon.
You visited 1 branch of the dungeon, and saw 2 of its levels.

You collected 14 gold pieces.

Inventory:

Hand Weapons
 a - a +0 war axe (weapon)
Missiles
 i - 13 stones (quivered)
Armour
 b - a +0 scale mail (worn)
 c - a +0 buckler (worn)
Jewellery
 h - a ring of protection from cold (right hand)
 j - a +6 ring of strength (left hand)
Scrolls
 e - 2 scrolls of identify
 f - a scroll of enchant armour {unknown}
Potions
 k - a potion of haste


   Skills:
 - Level 3.2 Fighting
 + Level 5.9 Axes
 - Level 3.2 Armour
 - Level 3.2 Shields


You had 3 spell levels left.
You didn't know any spells.
Your spell library was empty.

Dungeon Overview and Level Annotations

Branches:
Dungeon (2/15)

Altars:
Zin

Annotations:
D:2 Robin


Innate Abilities, Weirdness & Mutations

Your spellcasting is much less encumbered by armour.
You can use scrolls of enchantment on lesser artefacts.


Message History

The goblin hits you with a +0 club. The goblin barely misses you.
The goblin hits you with a +0 club. Robin throws the goblin at you!
You block the goblin's attack.
You take 9 damage, and have 18/38 hp.
MASSIVE DAMAGE!!
You slash the goblin!
You kill the goblin!
You slash the goblin!
You kill the goblin!
You barely miss the goblin. The goblin hits you but does no damage.
You hit the goblin but do no damage. You closely miss the goblin.
The goblin hits you but does no damage. Robin throws the goblin at you!
The goblin hits you but does no damage.
You barely miss the goblin. You hit the goblin. x2
The goblin hits you with a +0 dagger. x2
* * * LOW HITPOINT WARNING * * *
The goblin hits you with a +0 dagger.
* * * LOW HITPOINT WARNING * * *
You take 11 damage, and have 8/38 hp.
MASSIVE DAMAGE!!
You slash the goblin!
You kill the goblin!
You barely miss the goblin. You hit the goblin.
You kill the goblin!
The goblin hits you but does no damage. The goblin hits you with a +0 dagger.
* * * LOW HITPOINT WARNING * * *
The hobgoblin barely misses you.
You take 5 damage, and have 3/38 hp.
It was a potion of brilliance.
You feel clever all of a sudden.
The hobgoblin hits you but does no damage.
The goblin hits you but does no damage.
You feel very mighty all of a sudden.
The goblin no longer looks unusually strong.
The hobgoblin hits you but does no damage.
Robin roars a battlecry!
The goblin goes into a battle-frenzy!
The goblin hits you but does no damage.
You closely miss the hobgoblin. You slash the goblin!
You kill the goblin!
The hobgoblin hits you.
You die...

##.....#.###
##..>........ ...#
##..##.###.# #..#
#..##.# #.# #..#
#..##.###.# #..
##.......... ...
##...##.###.# #g#
##.....#.# #.###g#
#........###.#.#@#
...............))#
.................#
.........##.#....#
#.......####.#.#.#
##.....## #####.#
##...## #.#
###'### #.#
#.....# .#


You could see Robin and a hobgoblin (strong).

Vanquished Creatures
  A hound (D:2)
  3 adders (D:2)
  A dart slug (D:1)
  2 ribbon worms (D:2)
  4 endoplasms
  13 goblins
  7 hobgoblins
  6 ball pythons
  A bat (D:1)
  3 frilled lizards
  2 kobolds
  2 rats (D:1)
45 creatures vanquished.

Notes
Turn   | Place    | Note
-------+----------+-------------------------------------------
     0 | D:1      | jasper the Mountain Dwarf Fighter began the quest for the
                  | Orb.
     0 | D:1      | Reached XP level 1. HP: 19/19 MP: 1/1
   287 | D:1      | Reached skill level 3 in Axes
   325 | D:1      | Reached XP level 2. HP: 15/26 MP: 2/2
   602 | D:1      | Reached skill level 4 in Axes
   966 | D:2      | Reached XP level 3. HP: 17/31 MP: 3/3
  1169 | D:2      | Reached skill level 5 in Axes
  1305 | D:2      | Reached XP level 4. HP: 36/38 MP: 4/4
  1317 | D:2      | Found a glowing silver altar of Zin.
  1359 | D:2      | Noticed Robin
  1374 | D:2      | Slain by a hobgoblin

Illustrated notes

Levels and vault maps discovered:
D:1:      lemuel_arrival_broad_hall, layout_basic, serial_bayou_pond_b,
          corexii_item_surrounded_by_moat
D:2:      layout_loops_corners, basic_altar, st_stairs_9, uniq_robin

Skill      XL: |  1  2  3 |
---------------+----------+-----
Axes           | 3 4 5 |  5.9
Fighting       | |  3.2
Armour         | |  3.2
Shields        | |  3.2

Action                     |  1- 3 |  4- 6 || total
---------------------------+-------+-------++-------
  Melee: War axe           |    93 |    14 ||   107
  Throw: Stone             |     2 |       ||     2
    Use: Scroll            |     5 |       ||     5
         Potion            |       |     2 ||     2
 Armour: Scale mail        |    81 |    26 ||   107
  Dodge: Dodged            |    38 |     5 ||    43
  Block: Buckler           |    20 |     2 ||    22

Table legend: (Time is in decaauts)
 A = Elapsed time spent in this place.
 B = Non-inter-level travel time spent in this place.
 C = Inter-level travel time spent in this place.
 D = Time resting spent in this place.
 E = Time spent auto-exploring this place.
 F = Levels seen in this place.
 G = Mean time per level.
                   A        B        C        D        E       F      G
               +--------+--------+--------+--------+--------+-----+--------+
         Total |   1413 |   1394 |     19 |    156 |    892 |   2 |  706.5 |
       Dungeon |   1413 |   1394 |     19 |    156 |    892 |   2 |  706.5 |
               +--------+--------+--------+--------+--------+-----+--------+

Top non-repeatable levels by time:
     D:1: 842 daAuts
     D:2: 570 daAuts
